Selects Special Operations Battlegroup
Selects M29 Weasel Recon Vehicle
Selects M29 Weasel Recon Vehicle
Mechanized Support Center
Designate Forward Repair Station
Selects SSF Commando Squad
M18 Hellcat Tank Destroyer
Selects Air Re-supply Operation
Selects P-47 Anti-Infantry Loiter
Designate Forward Repair Station
M1918 Browning Automatic Rifles
Selects P-47 Anti-Infantry Loiter
Selects P-47 Anti-Infantry Loiter